 Dungeon Crawl Stone Soup version 0.22-a0-348-gd16d139 (webtiles) character file.

105 Amnesiac the Magician (level 4, -10/30 HPs)
             Began as a Mummy Wizard on Apr 10, 2018.
             Killed from afar by Galewind's ghost (20 damage)
             ... with an orb of energy
             ... on level 3 of the Dungeon.
             The game lasted 00:03:38 (2313 turns).

Amnesiac the Magician (Mummy Wizard)                Turns: 2313, Time: 00:03:38

Health: -10/30     AC:  4    Str: 10    XL:     4   Next: 53%
Magic:  2/10       EV: 12    Int: 18    God:
Gold:   103        SH:  0    Dex: 10    Spells: 0/11 levels left

rFire    x . .     SeeInvis .   c - +2 trident (venom)
rCold    + . .     Gourm    .   (no shield)
rNeg     + + +     Faith    .   a - +0 robe
rPois    ∞         Spirit   .   k - +2 hat
rElec    .         Reflect  .   (no cloak)
rCorr    .         Harm     .   (no gloves)
MR       .....                  (no boots)
Stlth    ++........             (no amulet)
HPRegen  0.10/turn              (no ring)
MPRegen  0.12/turn              (no ring)

@: very slightly contaminated
A: no food or potions, fire vulnerability, cold resistance 1, negative energy
resistance 3, torment resistance, unbreathing
a: no special abilities


You were on level 3 of the Dungeon.
You were not hungry.

You visited 1 branch of the dungeon, and saw 3 of its levels.

You collected 103 gold pieces.

Inventory:

Hand Weapons
 c - a +2 trident of venom (weapon)
Armour
 a - a +0 robe (worn)
 b - a +0 hat
 k - a +2 hat (worn)
Scrolls
 d - a scroll of enchant armour {!r}
 e - a scroll of remove curse {!r, unknown}
 f - a scroll of enchant weapon {!r, unknown}
 g - 3 scrolls of teleportation {!r, unknown}
 h - a scroll of magic mapping {!r, unknown}
 i - 4 scrolls of blinking {!r, unknown}
 j - 2 scrolls of identify {!r, unknown}


   Skills:
 - Level 1.5 Dodging
 - Level 1.5 Stealth
 - Level 4.0 Spellcasting
 + Level 3.6 Conjurations
 - Level 0.7 Summonings
 - Level 0.7 Translocations


You couldn't memorise any spells.
You knew the following spells:

 Your Spells              Type           Power        Failure   Level  Hunger
a - Magic Dart            Conj           ###.         3%          1    N/A
b - Call Imp              Summ           #.......     17%         2    N/A
e - Mephitic Cloud        Conj/Pois/Air  #.......     26%         3    N/A
s - Conjure Flame         Conj/Fire      ##......     21%         3    N/A
v - Blink                 Tloc           N/A          17%         2    N/A

Dungeon Overview and Level Annotations

Branches:
Dungeon (3/15)

Altars:

Annotations:
D:3 Galewind's ghost, amateur DECj


Innate Abilities, Weirdness & Mutations

You do not eat or drink.
Your flesh is vulnerable to fire.
You are immune to poison.
Your flesh is cold resistant. (rC+)
You are immune to negative energy. (rN+++)
You are immune to unholy pain and torment.
You can survive without breathing.


Message History

Wear which item? (? for menu, Esc to quit)
You start removing your armour.
You continue taking off your +0 hat. x2
Keep disrobing?
You continue taking off your +0 hat.
Galewind's ghost turns its malevolent gaze towards you.
You hear a shout!
You continue taking off your +0 hat.
You finish taking off your +0 hat.
Wear which item? (? for menu, Esc to quit)
You start putting on your armour.
You continue putting on your embroidered hat.
Magic restored.
Keep equipping yourself?
You continue putting on your embroidered hat.
Galewind's ghost points at you and mumbles some strange words.
The orb of energy misses you.
You continue putting on your embroidered hat. x2
Galewind's ghost gestures at you while chanting.
The magic dart hits you!
You finish putting on your +2 hat.
The kobold shouts!
You hit the kobold.
You kill the kobold!
You see here 2 stones.
Casting: Magic Dart (safe; 3% risk of failure)
Confirm with . or Enter, or press ? or * to list all spells.
You miscast Call Imp.
You are very lightly contaminated with residual magic.
Distant voices call out to you! Galewind's ghost casts a spell at you.
The magic dart hits you!
* * * LOW HITPOINT WARNING * * *
Casting: Call Imp (safe; 17% risk of failure)
Confirm with . or Enter, or press ? or * to list all spells.
A beastly little devil appears in a puff of flame.
Casting: Call Imp (safe; 17% risk of failure)
Confirm with . or Enter, or press ? or * to list all spells.
A shadowy apparition takes form in the air.
Galewind's ghost hits you.
* * * LOW HITPOINT WARNING * * *
A hobgoblin comes into view. It is wielding a club.
The hobgoblin hits you but does no damage.
Galewind's ghost hits your shadow imp!
Casting: Call Imp (safe; 17% risk of failure)
Confirm with . or Enter, or press ? or * to list all spells.
Aiming: Magic Dart (safe; 3% risk of failure)
Press: ? - help, Shift-Dir - straight line, f - hobgoblin
Aim: a hobgoblin, wielding a club The magic dart hits the hobgoblin.
The hobgoblin is almost dead.
Galewind's ghost hits your shadow imp but does no damage.
The hobgoblin hits you but does no damage.
Casting: Magic Dart (safe; 3% risk of failure)
Confirm with . or Enter, or press ? or * to list all spells.
Aiming: Magic Dart (safe; 3% risk of failure)
Press: ? - help, Shift-Dir - straight line, f/p - hobgoblin
Aim: a hobgoblin, wielding a club (almost dead)
The magic dart hits the hobgoblin.
You kill the hobgoblin!
Galewind's ghost gestures at you while chanting.
The orb of energy misses your shadow imp.
The orb of energy hits you!
Ouch! That really hurt!
You die...

.... #.
..... #.####
.... .....
... ## ...#
###.# ..#..#
##...#
...###..#
#)##5.##
#@5W.##
#..### ##..#
#...#
#..#########
#...........
#...########
#####..##
##......#


You could see Galewind's ghost, a friendly crimson imp and a friendly shadow
imp.

Vanquished Creatures
  3 adders (D:2)
  2 worms (D:2)
  2 dart slugs
  4 leopard geckos
  7 bats
  A giant cockroach (D:1)
  6 goblins
  4 hobgoblins
  10 jackals (D:1)
  A quokka (D:2)
  5 frilled lizards
  8 kobolds
  9 rats
62 creatures vanquished.

Notes
Turn   | Place    | Note
-------+----------+-------------------------------------------
     0 | D:1      | Amnesiac the Mummy Wizard began the quest for the Orb.
     0 | D:1      | Reached XP level 1. HP: 13/13 MP: 5/5
     6 | D:1      | Reached skill level 1 in Conjurations
   391 | D:1      | Reached XP level 2. HP: 19/19 MP: 0/7
   464 | D:1      | Learned a level 2 spell: Blink
   467 | D:1      | Learned a level 2 spell: Call Imp
   897 | D:1      | Reached XP level 3. HP: 20/24 MP: 1/8
   963 | D:1      | Learned a level 3 spell: Mephitic Cloud
  1439 | D:2      | Reached XP level 4. HP: 26/30 MP: 2/10
  1488 | D:2      | Learned a level 3 spell: Conjure Flame
  2298 | D:3      | Noticed Galewind's ghost (amateur DECj)
  2313 | D:3      | Killed from afar by Galewind's ghost

Vault maps used:
D:1:      dpeg_arrival_long_road
D:2:      first_ration

Skill      XL: |  1  2  3 |
---------------+----------+-----
Conjurations   | 1 2 3 |  3.6
Dodging        | |  1.5
Stealth        | |  1.5
Spellcasting   | |  4.0
Summonings     | |  0.7
Translocations | |  0.7

Action                   |  1- 3 |  4- 6 || total
-------------------------+-------+-------++-------
Melee: Unarmed           |     7 |       ||     7
       Short sword       |    16 |       ||    16
       Trident           |       |     1 ||     1
 Cast: Magic Dart        |    93 |    58 ||   151
       Call Imp          |       |     2 ||     2
  Use: Scroll            |       |     1 ||     1
 Stab: Sleeping          |     1 |       ||     1
Armor: Robe              |    10 |     2 ||    12
Dodge: Dodged            |    42 |     5 ||    47

Table legend:
 A = Spawn XP
 B = Non-spawn XP
 C = Spawn XP percentage of total XP
 D = Spawn monster count
 E = Non-spawn monster count
 F = Spawn count percentage of total count
 G = Total turns spent on level
                    A         B        C        D         E        F      G
               +---------+---------+-------+---------+---------+-------+---------
         Total |       0 |     150 |   0.0 |       0 |      62 |   0.0 |  2313
               +---------+---------+-------+---------+---------+-------+---------
           D:1 |       0 |      59 |   0.0 |       0 |      35 |   0.0 |  1300
           D:2 |       0 |      84 |   0.0 |       0 |      24 |   0.0 |   970
           D:3 |       0 |       7 |   0.0 |       0 |       3 |   0.0 |    43
               +---------+---------+-------+---------+---------+-------+---------
